 Dungeon Crawl Stone Soup version 0.21.1-1-g345015f (webtiles) character file.

47 Iko the Poker (level 3, -3/52 HPs)
             Began as a Gnoll Berserker on May 29, 2018.
             Was a Believer of Trog.
             Slain by bmj180's ghost (17 damage)
             ... on level 4 of the Dungeon.
             The game lasted 00:05:18 (619 turns).

Iko the Poker (Gnoll Berserker)                      Turns: 619, Time: 00:05:19

Health: -3/52      AC:  3    Str: 24    XL:     3   Next: 70%
Magic:  4/4        EV: 14    Int: 10    God:    Trog [**....]
Gold:   42         SH:  0    Dex: 14    Spells: 3/3 levels left

rFire    . . .     SeeInvis .   e - +2 short sword (holy)
rCold    . . .     Gourm    .   (no shield)
rNeg     . . .     Faith    .   b - +0 animal skin
rPois    .         Spirit   .   (no helmet)
rElec    .         Reflect  .   (no cloak)
rCorr    .         Harm     .   a - +0 pair of gloves
MR       .....                  (no boots)
Stlth    ..........             (no amulet)
HPRegen  0.17/turn              (no ring)
MPRegen  0.09/turn              (no ring)

@: berserking, very quick
A: distributed training, fangs 1, strong nose
a: Berserk, Trog's Hand, Burn Spellbooks, Renounce Religion


You were on level 4 of the Dungeon.
You worshipped Trog.
Trog was pleased with you.
You were very hungry.

You visited 1 branch of the dungeon, and saw 4 of its levels.

You collected 42 gold pieces.

Inventory:

Hand Weapons
 e - a +2 short sword of holy wrath (weapon)
Armour
 a - a +0 pair of gloves (worn)
 b - a +0 animal skin (worn)
Scrolls
 f - a scroll of identify
Potions
 d - a potion of flight
 g - a potion of cancellation
Comestibles
 c - 3 rations


   Skills:
 + Level 6.5 Fighting
 + Level 0.9 Short Blades
 + Level 0.9 Long Blades
 + Level 0.9 Axes
 + Level 0.9 Maces & Flails
 + Level 6.5 Polearms
 + Level 0.9 Staves
 + Level 0.9 Slings
 + Level 0.9 Bows
 + Level 0.9 Crossbows
 + Level 0.9 Throwing
 + Level 4.5 Armour
 + Level 4.5 Dodging
 + Level 0.9 Stealth
 + Level 0.9 Shields
 + Level 0.9 Unarmed Combat
 + Level 0.9 Spellcasting
 + Level 0.6 Conjurations
 + Level 0.6 Hexes
 + Level 0.6 Charms
 + Level 0.6 Summonings
 + Level 0.6 Necromancy
 + Level 0.6 Translocations
 + Level 0.6 Transmutations
 + Level 0.6 Fire Magic
 + Level 0.6 Ice Magic
 + Level 0.6 Air Magic
 + Level 0.6 Earth Magic
 + Level 0.6 Poison Magic
 + Level 1.0 Invocations
 + Level 0.9 Evocations


You had 3 spell levels left.
You didn't know any spells.

Dungeon Overview and Level Annotations

Branches:
Dungeon (4/15)
 Temple: D:4-7

Altars:

Annotations:
D:4 bmj180's ghost, novice HOFi


Innate Abilities, Weirdness & Mutations

Your experience applies equally to all skills.
You have very sharp teeth.
Your uncanny sense of smell can sniff out nearby items.


Message History

Bmj180's ghost is lightly damaged.
Bmj180's ghost hits you.
You hit bmj180's ghost but do no damage.
You bite bmj180's ghost, but do no damage.
Bmj180's ghost is lightly damaged.
Bmj180's ghost hits you.
You hit bmj180's ghost but do no damage.
Bmj180's ghost is lightly damaged.
Bmj180's ghost hits you!
A red film seems to cover your vision as you go berserk!
You feel yourself moving faster!
You feel mighty!
You are feeling very hungry.
Bmj180's ghost hits you.
* * * LOW HITPOINT WARNING * * *
You hit bmj180's ghost.
Bmj180's ghost convulses.
You bite bmj180's ghost.
Bmj180's ghost is moderately damaged.
You hit bmj180's ghost.
Bmj180's ghost convulses.
Bmj180's ghost is moderately damaged.
Bmj180's ghost hits you!
You die...

#.# #.# .######'#######
..............#
.####.........# #
#.........#
#.#.####.........#######
.................'......
#...W@......†..######.
+............#......#
#.....######.#.####.#
#.....# #.#...## #
#.....# #.###..#.#
#.....# ...####.#.#
#.?....+ ..........#
#......# ########.###
#.....<#.#


You could see bmj180's ghost.

Vanquished Creatures
  An adder (D:4)
  A gnoll (D:1)
  An ooze (D:2)
  2 dart slugs
  A giant cockroach (D:1)
  A goblin (D:1)
  3 hobgoblins
  A jackal (D:1)
  2 bats
  3 frilled lizards
  5 kobolds (D:1)
  4 rats
25 creatures vanquished.

Notes
Turn   | Place    | Note
-------+----------+-------------------------------------------
     0 | D:1      | Iko the Gnoll Berserker began the quest for the Orb.
     0 | D:1      | Reached XP level 1. HP: 23/23 MP: 1/1
    93 | D:1      | Reached XP level 2. HP: 29/29 MP: 2/2
   283 | D:1      | Reached XP level 3. HP: 24/35 MP: 3/3
   399 | D:2      | Reached ** piety under Trog
   580 | D:4      | Reached skill level 1 in Invocations
   611 | D:4      | Noticed bmj180's ghost (novice HOFi)
   619 | D:4      | Slain by bmj180's ghost

Skill      XL: |  1  2  3 |
---------------+----------+-----
Invocations    | 1 |  1.0
Fighting       | |  6.5
Short Blades   | |  0.9
Long Blades    | |  0.9
Axes           | |  0.9
Maces & Flails | |  0.9
Polearms       | |  6.5
Staves         | |  0.9
Slings         | |  0.9
Bows           | |  0.9
Crossbows      | |  0.9
Throwing       | |  0.9
Armour         | |  4.5
Dodging        | |  4.5
Stealth        | |  0.9
Shields        | |  0.9
Unarmed Combat | |  0.9
Spellcasting   | |  0.9
Conjurations   | |  0.6
Hexes          | |  0.6
Charms         | |  0.6
Summonings     | |  0.6
Necromancy     | |  0.6
Translocations | |  0.6
Transmutations | |  0.6
Fire Magic     | |  0.6
Ice Magic      | |  0.6
Air Magic      | |  0.6
Earth Magic    | |  0.6
Poison Magic   | |  0.6
Evocations     | |  0.9

Action                   || total
-------------------------++-------
Melee: Spear             ||    34
       Short sword       ||    43
       Bite              ||     9
Invok: Berserk           ||     2
       Trog's Hand       ||     1
  Use: Potion            ||     2
       Scroll            ||     2
 Stab: Sleeping          ||     2
Armor: Animal skin       ||     9
Dodge: Dodged            ||    54
